 Dungeon Crawl Stone Soup version 0.23-a0-639-ga9a3373214 (webtiles) character file.

119 HereIgoKillingAgain the Chopper (level 5, -4/45 HPs)
             Began as a Hill Orc Fighter on Dec 29, 2018.
             Slain by a sky beast (5 damage)
             ... on level 3 of the Dungeon.
             The game lasted 00:02:45 (2106 turns).

HereIgoKillingAgain the Chopper (Hill Orc Fighter)  Turns: 2106, Time: 00:02:45

Health: -4/45      AC:  6    Str: 25    XL:     5   Next: 3%
Magic:  5/5        EV:  7    Int:  8    God:
Gold:   208        SH:  9    Dex: 10    Spells: 4/4 levels left

rFire    . . .     SeeInvis .   a - +0 war axe
rCold    . . .     Gourm    .   c - +0 shield
rNeg     . . .     Faith    .   b - +0 scale mail
rPois    .         Spirit   .   (no helmet)
rElec    .         Reflect  .   (no cloak)
rCorr    .         Harm     .   (no gloves)
MR       .....                  (no boots)
Stlth    ..........             (no amulet)
HPRegen  0.15/turn              (no ring)
MPRegen  0.09/turn              (no ring)

@: mighty
A: no striking features
a: no special abilities


You were on level 3 of the Dungeon.
You were very hungry.

You visited 1 branch of the dungeon, and saw 3 of its levels.

You collected 208 gold pieces.

Inventory:

Hand Weapons
 a - a +0 war axe (weapon)
Armour
 b - a +0 scale mail (worn)
 c - a +0 shield (worn)
Jewellery
 h - a cursed ring of attention {unknown}
 k - a cursed ring of attention {unknown}
Scrolls
 e - 2 scrolls of amnesia {unknown}
 i - 4 scrolls of identify {unknown}
 n - a scroll of enchant armour {unknown}
 o - a scroll of teleportation {unknown}
 p - a scroll of fog {unknown}
 s - a scroll of noise {unknown}
 t - a scroll of fear {unknown}
Potions
 d - a potion of might
 g - 3 potions of heal wounds {unknown}
 j - a potion of lignification {unknown}
 l - 2 potions of degeneration {unknown}
 m - a potion of magic {unknown}
 q - 2 potions of brilliance {unknown}
 r - 2 potions of agility {unknown}
Comestibles
 f - 9 rations


   Skills:
 - Level 3.6 Fighting
 + Level 6.7 Axes
 - Level 3.2 Armour
 - Level 3.2 Shields


You had 4 spell levels left.
You didn't know any spells.
Your spell library was empty.

Dungeon Overview and Level Annotations

Branches:
Dungeon (3/15)

Altars:
Ashenzari
Ru


Message History

The sky beast is lightly wounded.
The sky beast flickers out of sight!
Deactivating autopickup; reactivate with Ctrl-A.
Something hits you.
* * * LOW HITPOINT WARNING * * *
Something shocks you.
* * * LOW HITPOINT WARNING * * *
You miss something.
Something hits you but does no damage. x2
You hit something. Something hits you but does no damage.
You barely miss something. Something hits you but does no damage.
You closely miss something.
A sky beast appears from thin air!
Reactivating autopickup.
The sky beast hits you but does no damage.
You hit the sky beast.
The sky beast is moderately wounded.
The sky beast hits you but does no damage.
The sky beast hits you.
* * * LOW HITPOINT WARNING * * *
The sky beast shocks you.
You die...

#........## #
#.###.##.## ## #.#
#.....# ###. ####
#.######.## ###...
...
#.#......####.....
#.##......#.........#
#.......#.##......###
#..Y....#.......###
#.##@..########## #
... +...+ . ###.
#..)# # #.......$# #
#.###.##+# # #. ..# #
#. ...+ # #####


You could see a sky beast.

Vanquished Creatures
  3 adders (D:2)
  5 worms
  2 dart slugs
  3 leopard geckos
  9 orcs (D:3)
  3 giant cockroaches
  6 goblins
  4 hobgoblins
  A jackal (D:2)
  2 quokkas
  A ball python (D:3)
  9 bats
  3 frilled lizards
  9 kobolds
  4 rats
64 creatures vanquished.

Notes
Turn   | Place    | Note
-------+----------+-------------------------------------------
     0 | D:1      | HereIgoKillingAgain the Hill Orc Fighter began the quest
                  | for the Orb.
     0 | D:1      | Reached XP level 1. HP: 19/19 MP: 1/1
    42 | D:1      | Reached skill level 3 in Axes
   172 | D:1      | Reached XP level 2. HP: 26/26 MP: 2/2
   283 | D:1      | Reached skill level 4 in Axes
   429 | D:1      | Reached XP level 3. HP: 31/31 MP: 3/3
   619 | D:2      | Reached skill level 5 in Axes
  1028 | D:2      | Reached XP level 4. HP: 14/39 MP: 4/4
  1310 | D:2      | Reached skill level 6 in Axes
  1431 | D:2      | Found a shattered altar of Ashenzari.
  1637 | D:3      | Found a sacrificial altar of Ru.
  1890 | D:3      | Found a faded altar of an unknown god.
  1915 | D:3      | Reached XP level 5. HP: 24/45 MP: 5/5
  2083 | D:3      | Noticed a sky beast
  2106 | D:3      | HP: 1/45 [sky beast (4)]
  2106 | D:3      | Slain by a sky beast

Vault maps used:
D:1:      sevenhm_arrival_forest_fort_large_2
D:2:      nicolae_overflow_hidden_temple
D:3:      lemuel_zombie_altar_yredelemnul, overflow_temple_1_default,
          chequers_ecumenical_altar_island, serial_curves, eino_curves_03,
          eino_curves_03, eino_curves_01, eino_curves_02

Skill      XL: |  1  2  3  4 |
---------------+-------------+-----
Axes           | 3 4 5 6 |  6.7
Fighting       | |  3.6
Armour         | |  3.2
Shields        | |  3.2

Action                   |  1- 3 |  4- 6 || total
-------------------------+-------+-------++-------
Melee: War axe           |    69 |    99 ||   168
  Use: Potion            |       |     1 ||     1
  Eat: Chunk             |       |     3 ||     3
Armor: Scale mail        |    30 |    40 ||    70
Dodge: Dodged            |    26 |    28 ||    54
Block: Shield            |    45 |    51 ||    96

Table legend:
 A = Non-vault XP
 B = Vault XP
 C = Vault XP percentage of total XP
 D = Non-vault monster count
 E = Vault monster count
 F = Vault count percentage of total count
                 A         B        C        D         E       F
            +---------+---------+-------+---------+---------+-------
      Total |     171 |       0 |   0.0 |      64 |       0 |   0.0
            +---------+---------+-------+---------+---------+-------
        D:1 |      37 |       0 |   0.0 |      23 |       0 |   0.0
        D:2 |      82 |       0 |   0.0 |      22 |       0 |   0.0
        D:3 |      52 |       0 |   0.0 |      19 |       0 |   0.0
            +---------+---------+-------+---------+---------+-------
